 Dungeon Crawl Stone Soup version 0.19-a0-179-g16b7179 (webtiles) character file.

95 Musica the Gusty (level 4, -3/24 HPs)
             Began as a Tengu Air Elementalist on May 23, 2016.
             Slain by an orc warrior
             ... wielding a +0 trident
              (4 damage)
             ... on level 3 of the Dungeon.
             The game lasted 00:07:55 (1820 turns).

Musica the Gusty (Tengu Air Elementalist)           Turns: 1820, Time: 00:07:56

Health: -3/24      AC:  2    Str: 12    XL:     4   Next: 66%
Magic:  3/9        EV: 12    Int: 16    God:
Gold:   62         SH:  0    Dex: 15    Spells: 3 memorised, 3 levels left

rFire  . . .     SeeInvis .     d - +0 dagger (speed)
rCold  . . .     Gourm    .     a - +0 robe
rNeg   . . .     Faith    .     (no shield)
rPois  .         Spirit   .     (helmet restricted)
rElec  .         Dismiss  .     (no cloak)
rCorr  .         Reflect  .     (no gloves)
SustAt .         Harm     .     (boots unavailable)
MR     .....                    (no amulet)
Stlth  ++........               (no ring)
                                k - +4 ring of strength

@: very slightly contaminated, not resistant to hostile enchantments, unstealthy
A: beak, talons 3
a: no special abilities


You were on level 3 of the Dungeon.
You were hungry.

You visited 1 branch of the dungeon, and saw 3 of its levels.

You collected 62 gold pieces.

Inventory:

Hand Weapons
 d - a +0 dagger of speed (weapon)
Missiles
 e - 18 bolts
 l - 39 arrows
Armour
 a - a +0 robe (worn)
Jewellery
 k - a +4 ring of strength (left hand)
 q - an uncursed ring of poison resistance
Scrolls
 f - a scroll of remove curse
 h - 3 scrolls of enchant weapon {unknown}
 i - 3 scrolls of identify {unknown}
 m - a scroll of teleportation {unknown}
 n - 2 scrolls of random uselessness {unknown}
Books
 b - a book of Air

   Spells                             Type                      Level
   a - Shock                          Conjuration/Air              1
   b - Swiftness                      Charms/Air                   2
   c - Repel Missiles                 Charms/Air                   2
   d - Static Discharge               Conjuration/Air              3
   e - Lightning Bolt                 Conjuration/Air              5
Comestibles
 c - a bread ration
 j - 2 slices of pizza
 o - a meat ration
 p - 3 chunks of flesh


   Skills:
 + Level 0.4 Short Blades
 - Level 2.1 Dodging
 - Level 2.0 Stealth
 * Level 3.2 Spellcasting
 * Level 2.4 Conjurations
 * Level 0.4 Charms
 + Level 5.1 Air Magic


You had 3 spell levels left.
You knew the following spells:

 Your Spells              Type           Power        Failure   Level  Hunger
a - Shock                 Conj/Air       ##..         4%          1    None
b - Repel Missiles        Chrm/Air       ##....       10%         2    ##.....
c - Static Discharge      Conj/Air       ##......     12%         3    ###....


Dungeon Overview and Level Annotations

Branches:
Dungeon (3/15)

Altars:


Innate Abilities, Weirdness & Mutations

You have a beak for a mouth.
You have claws for feet.


Message History

The kobold unwields an uncursed dagger.
The kobold wields a blowgun.
The kobold shoots a poisoned needle.
The poisoned needle barely misses you.
You see here a poisoned needle.
You aren't carrying any potions.
Read which item? (? for menu, Esc to quit)
As you read the scroll labeled OSAIDETS JOSITS, it crumbles to dust.
You feel blessed for a moment.
It was a scroll of remove curse.
The orc wizard hits you with a dagger.
* * * LOW HITPOINT WARNING * * *
The orc warrior barely misses you.
Unknown command.
Casting: Shock
Confirm with . or Enter, or press ? or * to list all spells.
You miscast Static Discharge.
You are very lightly contaminated with residual magic.
Wisps of smoke drift from your hands.
You are feeling hungry.
The orc wizard hits you but does no damage.
The orc warrior hits you from afar with a trident.
You die...

_# ..# .# #.# .# .#.#
#.# .# ...# #o# .# ###
#.# .##### #o###.....#
#######oo.....#.##
#######........o@...r...
.........##########...K.
#######..# ### #..# #..#
#..# #..# #... #.##


You could see an orc warrior, 2 orc wizards, an orc, a kobold and a rat.

Vanquished Creatures
  An orc priest (D:2)
  2 worms (D:2)
  A dart slug (D:1)
  3 giant geckos
  6 orcs (D:3)
  4 bats
  4 giant cockroaches
  4 goblins
  2 hobgoblins
  2 quokkas
  A ball python (D:1)
  3 giant newts (D:1)
  10 kobolds
  6 rats
49 creatures vanquished.

Notes
Turn   | Place    | Note
--------------------------------------------------------------
     0 | D:1      | Musica the Tengu Air Elementalist began the quest for the Orb.
     0 | D:1      | Reached XP level 1. HP: 10/10 MP: 4/4
   119 | D:2      | Reached XP level 2. HP: 15/15 MP: 0/6
   466 | D:1      | Reached XP level 3. HP: 19/19 MP: 3/7
   599 | D:1      | Learned a level 2 spell: Repel Missiles
  1150 | D:2      | Reached skill level 5 in Air Magic
  1207 | D:2      | Reached XP level 4. HP: 12/24 MP: 3/9
  1261 | D:2      | Learned a level 3 spell: Static Discharge
  1617 | D:3      | Found a faded altar to an unknown god.
  1811 | D:3      | Noticed an orc warrior
  1819 | D:3      | HP: 1/24 [orc wizard/dagger (3)]
  1820 | D:3      | Slain by an orc warrior

Vault maps used:
D:1:      dpeg_arrival_solitude, minmay_misc_feat_nine_boxes,
          serial_park_tiny_pond
D:3:      ecumenical_altar_1, minmay_misc_feat_chi, st_stairs_12

Skill      XL: |  1  2  3 |
---------------+----------+-----
Conjurations   | 2 |  2.4
Air Magic      | 5 |  5.1
Spellcasting   | 3 |  3.2
Short Blades   | |  0.4
Dodging        | |  2.1
Stealth        | |  2.0
Charms         | |  0.4

Action                   |  1- 3 |  4- 6 || total
-------------------------+-------+-------++-------
Melee: Dagger            |    48 |    10 ||    58
       Kick              |     9 |     1 ||    10
       Peck              |     4 |       ||     4
 Cast: Shock             |    45 |    20 ||    65
  Use: Scroll            |       |     1 ||     1
       Potion            |       |     1 ||     1
 Stab: Sleeping          |     2 |     1 ||     3
  Eat: Chunk             |     1 |     2 ||     3
Armor: Robe              |     6 |     2 ||     8
Dodge: Dodged            |    20 |    10 ||    30
